Map: Nightscape LE

Players

MattBarry - Winner!

  • Race: Terran Terran
  • Spawn Location: 7:00

MattBarry - Winner!

  • Race: Zerg Zerg
  • Spawn Location: 7:00

mngboy

  • Race: Protoss Protoss
  • League: Platinum
  • Spawn Location: 1:00

ashton

  • Race: Terran Terran
  • League: Platinum
  • Spawn Location: 1:00

VOD

Have the link to the VOD?

Description

Time

  • Played on: Jan. 4, 2023, 3:39 a.m.
  • Length: 15:53
Show
View Real Time Build Order
Export as new Build Order

MattBarry Terran - Winner!

Build Orders: 2 Factory, Gas First Reaper Expand, Mech 

Get SALT Encoding   

  12  0:00  SCV  
  13  0:12  SCV  
  14  0:18  Supply Depot  
  14  0:25  SCV  
  15  0:31  Refinery  
  15  0:39  SCV  
  16  0:47  Barracks  
  16  0:51  SCV  
  17  1:03  SCV  
  18  1:15  SCV  
  19  1:33  Orbital Command  
  19  1:34  Reaper  
  19  1:36  Supply Depot  
  20  1:52  Command Center  
  20  1:59  SCV  
  21  2:06  Reaper  
  22  2:11  SCV  
  23  2:16  Factory  
  23  2:21  Refinery  
  23  2:23  SCV  
  24  2:35  SCV  
  25  2:39  Barracks Reactor  
  25  2:57  SCV  
  25  3:04  Factory  
  25  3:08  Supply Depot  
  25  3:09  Orbital Command  
  25  3:24  Hellion x2  
  25  3:26  Barracks Tech Lab  
  25  3:27  SCV  
  30  3:46  SCV  
  31  3:50  Hellion x2  
  35  3:59  SCV  
  36  4:16  Hellion x2  
  39  4:21  Orbital Command  
  39  4:23  Starport  
  39  4:26  Siege Tank  
  39  4:28  Infernal Pre-Igniter  
  42  4:31  Barracks Reactor  
  42  4:32  Engineering Bay  
  42  4:35  SCV  
  43  4:39  Hellion x2  
  47  4:47  SCV  
  47  4:48  SCV  
  48  5:00  SCV x2  
  48  5:06  Widow Mine x2  
  53  5:12  SCV  
  54  5:17  SCV  
  47  5:24  SCV  
  48  5:29  SCV  
  43  5:36  SCV  
  43  5:40  Siege Tank, Hellion x2  
  43  5:41  SCV  
  45  5:53  SCV x2  
  47  6:00  Factory  
  47  6:05  SCV  
  48  6:19  SCV x2  
  48  6:24  Hellion x2  
  54  6:29  Refinery  
  54  6:31  Refinery  
  54  6:34  Supply Depot  
  54  6:36  Supply Depot x3  
  54  6:38  Liberator, SCV, Siege Tank  
  61  6:44  Liberator, SCV  
  65  6:50  SCV  
  65  6:53  Command Center  
  66  6:56  Armory  
  66  6:57  SCV  
  67  7:10  Hellion x2  
  67  7:15  Factory Tech Lab  
  71  7:19  SCV x2  
  73  7:31  SCV x2  
  75  7:43  SCV x2  
  69  7:52  Hellion x2, Siege Tank  
  69  7:54  Siege Tank  
  69  8:24  Siege Tank  
  69  8:39  Orbital Command  
  69  8:54  SCV x2  
  71  8:57  Siege Tank x2  
  71  8:58  Hellion x2  
  71  9:00  Liberator x2  
  87  9:05  Supply Depot x2  
  87  9:06  Supply Depot x2, SCV x2  
  89  9:18  SCV  
  90  9:48  SCV x2  
  85  10:00  SCV x2  
  85  10:02  Hellion x3  
  85  10:03  Hellion  
  95  10:12  SCV  
  94  10:18  Orbital Command  
  94  10:24  SCV  
  94  10:25  SCV  
  96  10:36  Siege Tank, SCV, Hellion  
  96  10:37  Siege Tank, Hellion  
  107  10:56  SCV x3  
  110  11:07  Hellion x2  
  110  11:08  SCV  
  110  11:09  Liberator x2, Siege Tank x2  
  127  11:11  Terran Vehicle Weapons Level 1  
  127  11:14  Armory  
  127  11:20  Command Center  
  127  11:28  Refinery x2  
  127  11:46  Siege Tank x2  
  137  11:47  Hellion x2  
  141  12:08  Hellion x2  
  141  12:18  Siege Tank x2  
  147  12:38  Hellion x2  
  151  12:50  Siege Tank x2  
  151  13:00  Hellion x2  
  147  13:23  Siege Tank x2  
  149  13:56  Siege Tank x2, Hellion x2  
  151  14:28  Siege Tank x2  
  157  14:47  Factory  
  157  14:48  Factory x2  
  157  14:49  Factory, Hellion x2  
  161  15:00  Siege Tank  
  164  15:10  Siege Tank  
Show
View Real Time Build Order
Export as new Build Order

MattBarry Zerg - Winner!

Build Orders: Hatch First 

Get SALT Encoding   

  12  0:00  Drone  
  13  0:12  Overlord  
  13  0:17  Drone  
  14  0:31  Drone  
  14  0:32  Drone  
  16  0:52  Hatchery  
  16  0:56  Drone  
  16  1:05  Extractor  
  16  1:09  Spawning Pool  
  14  1:12  Drone  
  15  1:20  Drone x2  
  17  1:29  Drone  
  18  1:58  Queen, Drone  
  21  2:05  Queen  
  21  2:08  Overlord  
  23  2:09  Drone  
  23  2:14  Metabolic Boost  
  24  2:18  Zergling x2  
  24  2:21  Zergling x2  
  26  2:23  Zergling x2  
  27  2:30  Drone  
  28  2:50  Drone  
  28  2:51  Drone x4  
  32  2:55  Zergling x2  
  34  2:58  Lair  
  34  3:03  Drone  
  35  3:06  Extractor  
  34  3:23  Evolution Chamber  
  34  3:26  Evolution Chamber  
  32  3:28  Roach Warren  
  32  3:30  Drone x5  
  36  3:47  Overlord x2  
  36  3:59  Zerg Melee Weapons Level 1  
  36  4:01  Overlord x2  
  36  4:06  Baneling Nest  
  31  4:35  Drone x3, Overlord x2  
  31  4:36  Zergling x4  
  31  4:37  Zergling x12  
  42  4:49  Queen  
  44  4:53  Zergling x2  
  44  4:54  Zergling x2  
  44  4:56  Baneling x4  
  44  4:57  Baneling  
  46  5:00  Centrifugal Hooks  
  44  5:27  Zergling x2  
  37  5:28  Zergling x2  
  37  5:29  Zergling x14  
  42  6:17  Drone x2  
  42  6:18  Drone x7  
  50  6:26  Hatchery  
  50  6:29  Zerg Ground Armor Level 1  
  49  6:33  Queen  
  51  6:43  Extractor  
  51  6:44  Pneumatized Carapace  
  50  6:58  Roach  
  50  6:59  Roach x6  
  64  7:20  Spore Crawler  
  64  7:22  Glial Reconstitution  
  63  7:23  Spore Crawler  
  63  7:25  Zerg Melee Weapons Level 2  
  63  7:26  Drone  
  63  7:27  Drone x3  
  61  7:45  Overlord  
  61  7:46  Zergling x2  
  61  7:47  Zergling x2  
  61  7:50  Zergling x10  
  68  7:58  Overseer  
  68  8:03  Zergling x18  
  61  8:20  Roach x4  
  61  8:21  Roach x3  
  73  8:30  Zergling x2  
  73  8:31  Zergling x2  
  74  8:40  Extractor  
  68  8:54  Zergling x6  
  71  9:05  Infestation Pit  
  70  9:10  Zergling x2  
  70  9:11  Zergling x22  
  70  9:15  Baneling x7  
  70  9:16  Baneling x8  
  50  9:59  Baneling Nest  
  45  10:02  Hive  
  42  10:09  Drone  
  42  10:10  Drone x16  
  42  10:11  Drone x6  
  60  10:24  Zergling x10  
  60  10:26  Queen x2  
  69  10:46  Overseer  
  69  10:52  Hatchery  
  68  11:02  Queen  
  69  11:37  Zergling x2  
  69  11:38  Zergling x36  
  84  11:52  Zergling x6  
  84  11:53  Zergling x6  
  90  11:59  Baneling  
  90  12:00  Baneling x10  
  90  12:11  Spire  
  89  12:20  Queen  
  91  12:33  Overlord  
  91  12:34  Overlord  
  73  12:58  Zergling x2  
  73  12:59  Zergling x2  
  73  13:02  Drone  
  70  13:27  Queen  
  70  13:29  Greater Spire  
  72  13:38  Drone x6  
  78  13:49  Queen  
  78  13:53  Zergling x2  
  78  13:54  Zergling x4  
  79  14:05  Burrow  
  75  14:21  Zergling x2  
  75  14:22  Zergling x14  
  79  14:31  Drone x4  
  80  14:32  Drone x3  
  86  14:46  Zergling x2  
  86  14:47  Zergling x40  
  86  14:48  Zergling x4  
  86  14:51  Baneling x6  
Show
View Real Time Build Order
Export as new Build Order

mngboy Protoss 

Build Orders: 1 Gate Expand, Zealot Archon 

Get SALT Encoding   

  12  0:00  Probe (Chrono Boost)  
  13  0:10  Probe (Chrono Boost)  
  14  0:17  Pylon  
  14  0:21  Probe  
  15  0:40  Gateway  
  15  0:41  Probe  
  16  0:53  Assimilator, Probe  
  17  1:06  Probe  
  18  1:18  Probe  
  19  1:30  Cybernetics Core  
  19  1:37  Nexus  
  19  1:39  Pylon  
  19  1:58  Gateway, Assimilator, Probe  
  20  2:06  Warp Gate  
  20  2:22  Probe (Chrono Boost)  
  21  2:32  Probe (Chrono Boost)  
  21  2:33  Twilight Council  
  22  2:37  Probe (Chrono Boost)  
  22  2:42  Adept  
  25  2:46  Pylon  
  23  3:04  Probe (Chrono Boost)  
  25  3:14  Probe (Chrono Boost)  
  25  3:16  Probe (Chrono Boost)  
  26  3:24  Probe x2 (Chrono Boost)  
  28  3:28  Pylon, Probe (Chrono Boost)  
  26  3:51  Gateway  
  26  3:56  Pylon x2  
  26  4:03  Stalker  
  28  4:11  Probe (Chrono Boost)  
  29  4:22  Probe (Chrono Boost)  
  31  4:25  Probe (Chrono Boost)  
  31  4:26  Stalker  
  31  4:27  Probe (Chrono Boost)  
  34  4:34  Probe  
  34  4:37  Probe  
  36  4:40  Gateway  
  36  4:45  Gateway  
  36  4:46  Stalker  
  38  5:01  Stalker  
  38  5:02  Stalker  
  38  5:24  Stalker x2  
  34  5:38  Charge (Chrono Boost)  
  34  5:39  Stalker  
  34  5:40  Stalker  
  38  5:47  Gateway  
  38  5:49  Zealot  
  40  5:50  Gateway  
  40  5:52  Pylon  
  36  6:14  Stalker x3  
  36  6:15  Stalker  
  38  6:19  Probe x2  
  40  6:32  Templar Archives, Probe (Chrono Boost)  
  42  6:36  Probe (Chrono Boost)  
  42  6:39  Zealot  
  44  6:42  Probe (Chrono Boost)  
  44  6:43  Zealot  
  47  6:47  Probe (Chrono Boost)  
  47  6:52  Zealot, Pylon  
  50  6:55  Zealot  
  50  7:00  Zealot  
  54  7:09  High Templar  
  54  7:10  High Templar  
  54  7:15  Assimilator  
  58  7:19  Assimilator  
  58  7:21  Zealot x3  
  64  7:23  High Templar  
  64  7:27  Archon  
  57  7:38  High Templar  
  59  7:47  Stalker  
  59  7:49  Stalker  
  59  7:50  Zealot  
  59  7:51  Zealot  
  67  7:52  Archon  
  67  7:55  Probe x2  
  69  8:07  Probe  
  42  8:32  Zealot x6  
  42  8:43  Stalker  
  42  8:45  Probe x2  
  46  8:54  Stalker  
  48  8:57  Zealot, Probe x2  
  48  8:59  High Templar  
  54  9:03  High Templar  
  57  9:10  Probe (Chrono Boost)  
  57  9:15  Archon  
  57  9:19  Probe (Chrono Boost)  
  58  9:24  Probe (Chrono Boost)  
  59  9:36  Probe  
  38  10:02  Probe (Chrono Boost)  
  39  10:12  Probe (Chrono Boost)  
  40  10:16  Forge  
  40  10:17  Probe (Chrono Boost)  
  40  10:18  Nexus  
  40  10:19  Forge, Pylon  
  40  10:21  Pylon  
  41  10:29  Pylon, Probe  
  41  10:30  Pylon  
  41  10:31  High Templar  
  41  10:32  High Templar x3  
  41  10:35  High Templar x2  
  52  10:40  Archon x2  
  52  10:41  Archon  
  54  10:46  Stalker  
  56  11:05  Stargate  
  56  11:07  Stargate  
  56  11:13  Stalker x2  
  56  11:14  Zealot x2  
  56  11:15  Zealot x2  
  67  11:41  Stalker x6  
  79  12:00  Protoss Ground Weapons Level 1 (Chrono Boost)  
  79  12:02  Protoss Ground Armor Level 1 (Chrono Boost)  
  79  12:05  Nexus  
  79  12:06  Pylon  
  79  12:14  Pylon  
  79  12:19  Stalker x2  
  83  12:30  Shield Battery  
  83  12:32  Shield Battery  
  44  13:14  Stalker x5  
  44  13:15  Stalker  
  56  13:24  Robotics Facility  
  56  13:25  Robotics Facility  
  56  13:27  Psionic Storm  
  56  13:41  Zealot x7  
  64  14:09  Phoenix x2 (Chrono Boost)  
  68  14:25  Phoenix x2 (Chrono Boost)  
  72  14:39  Stalker x5  
  82  14:51  Phoenix x2 (Chrono Boost)  
Show
View Real Time Build Order
Export as new Build Order

ashton Terran 

Build Orders:  

Get SALT Encoding   

  12  0:00  SCV  
  13  0:12  SCV  
  14  0:17  Supply Depot  
  14  0:28  SCV  
  15  0:42  Barracks  
  15  0:43  SCV  
  16  0:53  Barracks  
  16  0:56  SCV  
  17  1:02  Supply Depot  
  17  1:08  SCV  
  18  1:17  Barracks  
  18  1:21  SCV  
  19  1:29  Marine  
  20  1:35  Barracks  
  20  1:45  Marine  
  21  1:50  Marine  
  21  1:52  Orbital Command  
  22  2:06  Marine  
  22  2:07  Marine  
  24  2:08  Refinery  
  24  2:10  Marine  
  24  2:15  Supply Depot  
  25  2:24  Marine, Refinery  
  25  2:25  Marine  
  25  2:29  Marine  
  27  2:31  Marine  
  29  2:42  Marine  
  29  2:43  Marine  
  31  2:47  Marine  
  32  2:52  Marine  
  33  3:00  Marine  
  33  3:01  Marine  
  33  3:05  Marine  
  35  3:06  Supply Depot  
  35  3:08  SCV  
  35  3:10  Marine  
  38  3:17  Marine  
  39  3:22  Barracks Tech Lab  
  39  3:27  SCV  
  39  3:29  Marine  
  39  3:30  Marine  
  42  3:57  Marine x4  
  46  4:07  Combat Shield  
  46  4:14  Marine  
  46  4:15  Marine  
  47  4:29  Command Center  
  47  4:32  Factory  
  47  4:34  Barracks Reactor  
  47  4:38  Barracks Reactor x2  
  47  4:43  Supply Depot  
  47  4:46  Supply Depot  
  47  4:47  Supply Depot  
  47  4:56  Marine  
  27  5:41  Marine x2  
  27  5:42  Marine x5  
  28  5:57  Factory Reactor, Starport  
  28  6:04  Marine  
  28  6:05  Marine x4  
  28  6:06  Marine x2  
  35  6:16  SCV  
  36  6:22  Marine x2  
  38  6:28  SCV  
  38  6:32  Engineering Bay  
  39  6:40  SCV  
  39  6:47  Marine x4, Factory Tech Lab  
  40  6:48  Marine  
  40  6:52  SCV  
  46  7:04  Orbital Command, SCV  
  46  7:06  Marine x3  
  46  7:07  Marine x2  
  52  7:14  Medivac  
  54  7:16  Medivac  
  54  7:21  Stimpack  
  46  7:53  Medivac x2  
  46  7:55  Siege Tank  
  53  8:15  Marine x2  
  53  8:16  Marine x4  
  59  8:27  Siege Tank  
  62  8:34  Marine x5  
  62  8:35  Marine  
  68  8:53  Marine  
  68  8:54  Marine x6  
  75  9:08  Siege Tank  
  75  9:09  Terran Infantry Weapons Level 1  
  78  9:17  Factory, Medivac  
  78  9:21  Barracks Reactor, Refinery  
  80  9:24  Refinery  
  69  10:03  Marine  
  69  10:05  Marine x6  
  69  10:06  Marine  
  77  10:21  Marine  
  78  10:23  Marine x2  
  78  10:28  Armory  
  80  10:30  Marine x4  
  80  10:31  Marine  
  85  11:15  SCV  
  86  11:20  Supply Depot  
  86  11:23  Terran Infantry Weapons Level 2  
  86  11:24  Supply Depot  
  86  11:42  SCV x2, Siege Tank x2  
  96  11:54  SCV x2  
  96  12:06  SCV x2, Medivac x2  
  102  12:50  Marine  
  102  12:51  Marine x2, SCV  
  102  12:52  Marine x2  
  102  12:53  SCV  
  102  12:55  Thor  
  90  13:03  SCV  
  90  13:05  SCV  
  69  13:09  Marine x6  
  69  13:10  Marine x2, Siege Tank  
  80  13:15  SCV  
  80  13:17  SCV  
  82  13:26  Marine  
  83  13:27  Marine x6  
  83  13:28  Marine  
  90  13:38  Siege Tank  
  90  13:44  Marine  
  82  13:58  Orbital Command  
  44  14:22  Marine  
  44  14:23  Marine x5  
  42  14:33  Siege Tank  
  45  15:19  Marine x4  
Tags
 
Add a new tag
Caveats
  • Supply blocks, unpowered buildings, or Contaminate may cause inaccurate times.
  • Supply counts are checked every 10 seconds.